 Dungeon Sprint DCSS version 0.26-a0-662-g8b9c6dab81 (webtiles) character file.

Game seed: 17912218752124390286

8381 olmar the Phalangite (level 11, 0/100 HPs)
             Began as a Merfolk Gladiator on Oct 9, 2020.
             Was an Initiate of Gozag.
             Slain by a bone dragon (16 damage)
             ... in the Dungeon (Sprint II: "The Violet Keep of Menkaure").
             The game lasted 00:09:19 (1508 turns).

olmar the Phalangite (Merfolk Gladiator)            Turns: 1508, Time: 00:09:19

Health: 0/100      AC:  7    Str: 20    XL:     11   Next: 30%
Magic:  11/11      EV: 26    Int:  7    God:    Gozag
Gold:   171        SH:  0    Dex: 16    Spells: 10/10 levels left

rFire    + + +     SeeInvis +   a - +0 trident
rCold    + + .     Faith    .   (no shield)
rNeg     + . .     Spirit   .   b - +0 leather armour
rPois    +         Reflect  .   c - +0 helmet
rElec    +         Harm     .   F - scarf {rC+ rF+}
rCorr    +         Rampage  .   A - +2 pair of gloves of Xopu {rPois rF- rN+ MR+}
MR       +....     NoTele   +   (no boots)
Stlth    +.........             (no amulet)
HPRegen  0.26/turn              G - ring of Derrosa {rF+ Str+2 SInv}
MPRegen  0.12/turn              x - ring of protection from fire

@: mighty, resistant
A: change form in water, swift swim, stealthy swim
a: Potion Petition, Call Merchant, Bribe Branch, Renounce Religion


You were in the Dungeon.
You worshipped Gozag.
Gozag was aware of your devotion.
You visited 1 branch You collected 4254 gold pieces.
You spent 3146 gold pieces at shops.
You paid 937 gold pieces to Gozag.

Inventory:

Hand Weapons
 a - a +0 trident (weapon)
Missiles
 d - 3 throwing nets (quivered)
Armour
 b - a +0 leather armour (worn)
 c - a +0 helmet (worn)
 p - a +0 helmet
 y - a +0 ring mail
 A - the +2 pair of gloves of Xopu (worn) {rPois rF- rN+ MR+}
   (You bought it in a shop in the Dungeon)

   It makes you vulnerable to fire.
   It protects you from poison.
   It protects you from negative energy.
   It affects your resistance to hostile enchantments.
 F - a scarf of resistance (worn)
Jewellery
 q - a +6 ring of dexterity
 w - a +4 ring of evasion
 x - a ring of protection from fire (right hand)
 G - the ring of Derrosa (left hand) {rF+ Str+2 SInv}
   (You bought it in a shop in the Dungeon)

   [ring of see invisible]

   It affects your strength (+2).
   It protects you from fire.
   It lets you see invisible.
 J - the ring "Caulyjar" {MR+ Str+3 Slay+3}
   (You bought it in a shop in the Dungeon)

   [ring of protection from magic]

   It affects your strength (+3).
   It affects your accuracy and damage with ranged weapons and melee attacks
   (+3).
   It affects your resistance to hostile enchantments.
Wands
 K - a wand of digging (6)
Scrolls
 g - a scroll of enchant armour
 i - 3 scrolls of identify
 j - 4 scrolls of blinking
 m - 2 scrolls of fear
 n - a scroll of fog {unknown}
 r - a scroll of immolation {unknown}
 s - 4 scrolls of magic mapping
 t - 3 scrolls of remove curse
 u - 4 scrolls of enchant weapon
 z - a scroll of random uselessness
 B - a scroll of amnesia
Potions
 e - 2 potions of curing
 h - 5 potions of magic
 k - 7 potions of flight
 l - 2 potions of resistance
 v - 2 potions of mutation
 D - a potion of lignification
 E - a potion of cancellation
 H - a potion of brilliance {unknown}
 I - a potion of degeneration {unknown}
Miscellaneous
 C - a condenser vane (inert)


   Skills:
 + Level 14.3 Fighting
 + Level 22.5 Polearms
 - Level 2.0 Throwing
 + Level 19.1 Dodging
 + Level 2.3 Evocations


You had 10 spell levels left.
You didn't know any spells.
Your spell library was empty.

Dungeon Overview and Level Annotations

Branches:
Dungeon (1/1)

Altars:
Cheibriados
Dithmenos
Elyvilon
Fedhas
Gozag
Hepliaklqana
Kikubaaqudgha
Makhleb
Nemelex Xobeh
Okawaru
Qazlal
Ru
Sif Muna
Trog
Uskayaw
Vehumet
Wu Jian
Xom
Yredelemnul
Zin
The Shining One
Beogh
Jiyva
Lugonu

Shops:
D ?[:(=:}*?[*=}:?(:!(==(?!:[}[

Annotations:
D exclusion: oklob plant


Message History

The bone dragon bites you but does no damage.
The bone dragon misses you. The bone dragon completely misses you.
The storm dragon is engulfed in negative energy.
The storm dragon is drained!
Unknown command.
You hit the bone dragon but do no damage.
The bone dragon is lightly damaged.
The frost giant is engulfed in negative energy.
The frost giant is drained!
The golden dragon is engulfed in negative energy.
The golden dragon is drained!
Unknown command.
You puncture the bone dragon!
The bone dragon is moderately damaged.
The storm dragon is engulfed in negative energy.
The storm dragon is drained!
The bone dragon bites you!!
* * * LOW HITPOINT WARNING * * *
The bone dragon claws you!
You die...
Your body crumbles into a pile of gold.

########### #......').#
#[∩....#@§#### $ $
#'######D##..####+####
#∩∩∩∩∩∩#2C'.##≈≈≈≈○°○##
#∩∩∩∩∩∩#DD###○≈≈§≈○§○°##
#########§§+§≈°°°°○°≈≈≈#
#...##DD(####§°≈°○°°○§
#$.$.C.2(.[≈##○§SSS≈°
############≈≈#+++#+++##
###########≈≈≈.........#$


You could see a bone dragon, a golden dragon (drained), a storm dragon
(drained), a frost giant (drained) and a cacodemon.

Vanquished Creatures
  Kirke (D)
  A yaktaur captain (D)
  A fire dragon (D)
  A deep elf high priest (D)
  An iron elemental (D)
  A centaur warrior (D)
  A skeletal warrior (D)
  An elephant (D)
  2 cane toads (D)
  A kobold demonologist (D)
  A yaktaur (D)
  2 polar bears (D)
  3 slime creatures (D)
  A blink frog (D)
  A hornet (D)
  2 wyverns (D)
  A water moccasin (D)
  3 black bears (D)
  5 necrophages (D)
  A lava snake (D)
  An iron imp (D)
  4 worker ants (D)
36 creatures vanquished.

Vanquished Creatures (others)
  Menkaure (D)
  A water moccasin (D)
  4 tentacles (D)
6 creatures vanquished.

Grand Total: 42 creatures vanquished

Notes
Turn   | Place    | Note
-------+----------+-------------------------------------------
     0 | D        | olmar the Merfolk Gladiator began the quest for the Orb.
     0 | D        | Reached XP level 1. HP: 16/16 MP: 1/1
     1 | D        | Noticed a boulder beetle
     1 | D        | Noticed a boulder beetle
     5 | D        | Noticed a wyvern
     5 | D        | Noticed a wyvern
     8 | D        | Noticed a necrophage
     8 | D        | Noticed a necrophage
     8 | D        | Noticed a necrophage
     8 | D        | Noticed a necrophage
    11 | D        | Killed a necrophage
    11 | D        | Reached skill level 9 in Polearms
    11 | D        | Reached XP level 2. HP: 25/25 MP: 2/2
    11 | D        | Reached XP level 3. HP: 30/30 MP: 3/3
    11 | D        | Reached XP level 4. HP: 37/37 MP: 4/4
    19 | D        | Killed a necrophage
    19 | D        | Reached skill level 11 in Polearms
    19 | D        | Reached XP level 5. HP: 43/43 MP: 5/5
    23 | D        | Killed a necrophage
    23 | D        | Reached skill level 5 in Fighting
    23 | D        | Reached skill level 12 in Polearms
    23 | D        | Reached skill level 10 in Dodging
    23 | D        | Reached XP level 6. HP: 51/51 MP: 6/6
    31 | D        | Killed Menkaure
    34 | D        | Killed a necrophage
    34 | D        | Reached skill level 13 in Polearms
    55 | D        | Killed a water moccasin
    63 | D        | Found a glowing silver altar of Zin.
    64 | D        | Found a glowing golden altar of the Shining One.
    64 | D        | Found a basalt altar of Yredelemnul.
    64 | D        | Found a hide-covered altar of Uskayaw.
    65 | D        | Found a shimmering altar of Xom.
    65 | D        | Found a bloodstained altar of Trog.
    66 | D        | Found an ornate altar of the Wu Jian Council.
    66 | D        | Found a shimmering blue altar of Sif Muna.
    66 | D        | Found a corrupted altar of Lugonu.
    66 | D        | Found a radiant altar of Vehumet.
    66 | D        | Found a burning altar of Makhleb.
    67 | D        | Found a sacrificial altar of Ru.
    67 | D        | Found an ancient bone altar of Kikubaaqudgha.
    67 | D        | Found a white marble altar of Elyvilon.
    68 | D        | Found a stormy altar of Qazlal.
    68 | D        | Found a viscous altar of Jiyva.
    68 | D        | Found a shadowy altar of Dithmenos.
    69 | D        | Found a hazy altar of Hepliaklqana.
    69 | D        | Found a snail-covered altar of Cheibriados.
    71 | D        | Found a roughly hewn altar of Beogh.
    71 | D        | Found a sparkling altar of Nemelex Xobeh.
    71 | D        | Found a blossoming altar of Fedhas.
    72 | D        | Found an opulent altar of Gozag.
    72 | D        | Found an iron altar of Okawaru.
    80 | D        | Became a worshipper of Gozag Ym Sagoz the Greedy
    91 | D        | Noticed a water moccasin
    92 | D        | Noticed a water moccasin
    96 | D        | Noticed a kraken
   210 | D        | Noticed a water moccasin
   217 | D        | Noticed a yaktaur
   217 | D        | Noticed a hornet
   217 | D        | Noticed a polar bear
   218 | D        | Noticed a polar bear
   232 | D        | Noticed an orange crystal statue
   235 | D        | Found Difonim's Antique Armour Shop.
   236 | D        | Found Onyv's Gadget Boutique.
   237 | D        | Found Voj Faung's Book Boutique.
   238 | D        | Found Zeex Vuo's Jewellery Shop.
   238 | D        | Found Rasuq's Jewellery Boutique.
   239 | D        | Found Ganyrgh's Magic Scroll Boutique.
   239 | D        | Found Loewn's Book Shop.
   239 | D        | Found Lyiklifo's Antique Weapon Shop.
   254 | D        | Killed a hornet
   254 | D        | Reached skill level 14 in Polearms
   254 | D        | Reached XP level 7. HP: 37/59 MP: 7/7
   267 | D        | Found Sounnuse's Antique Armour Shop.
   267 | D        | Found Tuerr's Magic Scroll Boutique.
   267 | D        | Found Nil Xuim's Distillery.
   267 | D        | Found Ciff's Gadget Boutique.
   267 | D        | Noticed a manticore
   269 | D        | Found Mucruq's Antique Armour Shop.
   269 | D        | Found Aqaplai's Distillery.
   281 | D        | Killed a polar bear
   281 | D        | Reached skill level 15 in Polearms
   283 | D        | Killed a polar bear
   290 | D        | Killed a yaktaur
   290 | D        | Reached skill level 16 in Polearms
   290 | D        | Reached XP level 8. HP: 23/68 MP: 8/8
   540 | D        | Noticed a blink frog
   545 | D        | Killed a blink frog
   545 | D        | Reached skill level 17 in Polearms
   556 | D        | Noticed a manticore
   556 | D        | Noticed a manticore
   556 | D        | Noticed an oklob plant
   557 | D        | Found Uleizuotu's Book Shoppe.
   562 | D        | Noticed a polar bear
   562 | D        | Noticed a polar bear
   566 | D        | Bought a scroll of remove curse for 39 gold pieces
   566 | D        | Bought a scroll of identify for 26 gold pieces
   566 | D        | Bought a scroll of enchant armour for 97 gold pieces
   566 | D        | Bought a scroll of fear for 45 gold pieces
   566 | D        | Bought a scroll of random uselessness for 13 gold pieces
   567 | D        | Bought a pair of ichor-stained gloves for 237 gold pieces
   572 | D        | Identified the +2 pair of gloves of Xopu {rPois rF- rN+
                  | MR+} (You bought it in a shop in the Dungeon)
   574 | D        | Bought a scroll of amnesia for 45 gold pieces
   574 | D        | Bought a scroll of magic mapping for 45 gold pieces
   575 | D        | Bought a condenser vane (2/2) for 240 gold pieces
   819 | D        | Killed a wyvern
   819 | D        | Reached skill level 15 in Dodging
   826 | D        | Killed a wyvern
   826 | D        | Reached XP level 9. HP: 63/77 MP: 9/9
   855 | D        | Bought a potion of might for 48 gold pieces
   855 | D        | Bought a potion of lignification for 36 gold pieces
   855 | D        | Bought a potion of heal wounds for 60 gold pieces
   855 | D        | Bought a potion of cancellation for 96 gold pieces
   855 | D        | Bought a potion of mutation for 96 gold pieces
   856 | D        | Bought a runed scarf for 144 gold pieces
   863 | D        | Bought a potion of flight for 42 gold pieces
   863 | D        | Bought a potion of heal wounds for 70 gold pieces
   863 | D        | Bought a potion of heal wounds for 70 gold pieces
   863 | D        | Bought a potion of heal wounds for 70 gold pieces
   869 | D        | Bought the ring of Derrosa {rF+ Str+2 SInv} for 431 gold
                  | pieces
  1105 | D        | Noticed an elephant
  1105 | D        | Noticed a centaur warrior
  1105 | D        | Noticed Kirke
  1105 | D        | Noticed a yaktaur captain
  1105 | D        | Noticed a skeletal warrior
  1105 | D        | Noticed a kobold demonologist
  1110 | D        | Killed a kobold demonologist
  1110 | D        | Reached skill level 18 in Polearms
  1113 | D        | Killed a yaktaur captain
  1113 | D        | Reached skill level 10 in Fighting
  1129 | D        | Killed a centaur warrior
  1129 | D        | Reached skill level 19 in Polearms
  1129 | D        | Reached skill level 1 in Evocations
  1133 | D        | Killed a skeletal warrior
  1133 | D        | Reached XP level 10. HP: 59/88 MP: 10/10
  1140 | D        | Killed an elephant
  1141 | D        | Killed Kirke
  1141 | D        | Reached skill level 20 in Polearms
  1172 | D        | Reached skill level 21 in Polearms
  1180 | D        | Noticed an iron elemental
  1182 | D        | Noticed a cane toad
  1182 | D        | Noticed a fire dragon
  1219 | D        | Killed an iron elemental
  1244 | D        | Killed a cane toad
  1248 | D        | Killed a fire dragon
  1248 | D        | Reached skill level 22 in Polearms
  1248 | D        | Reached XP level 11. HP: 40/99 MP: 11/11
  1449 | D        | Found Ufolugg's Magic Scroll Emporium.
  1449 | D        | Found Nuazaw's Armour Shop.
  1450 | D        | Found Rauma's Jewellery Shop.
  1450 | D        | Found Rescheun's Gadget Shoppe.
  1450 | D        | Found Perism's General Store.
  1450 | D        | Found Vedeikk's Weapon Emporium.
  1450 | D        | Found Diej's Antique Weapon Shop.
  1450 | D        | Found Geckom's Book Shoppe.
  1450 | D        | Found Yludoumn's Assorted Antiques.
  1450 | D        | Found Icreda's Jewellery Emporium.
  1450 | D        | Found Fihicw's Book Shop.
  1450 | D        | Found Hasa's Magic Scroll Shoppe.
  1452 | D        | Bought a scroll of enchant weapon for 97 gold pieces
  1452 | D        | Bought a scroll of blinking for 97 gold pieces
  1452 | D        | Bought a scroll of blinking for 97 gold pieces
  1454 | D        | Bought the ring "Caulyjar" {MR+ Str+3 Slay+3} for 559 gold
                  | pieces
  1456 | D        | Bought a wand of digging (6) for 280 gold pieces
  1458 | D        | Bought 2 potions of curing for 66 gold pieces
  1478 | D        | Noticed a golden dragon
  1478 | D        | Noticed a storm dragon
  1478 | D        | Noticed a cacodemon
  1479 | D        | Noticed a bone dragon
  1479 | D        | Noticed a frost giant
  1480 | D        | Noticed a deep elf high priest
  1486 | D        | Killed a deep elf high priest
  1508 | D        | Slain by a bone dragon

Illustrated notes

Levels and vault maps discovered:
D:        the_violet_keep_of_menkaure [sprint2_stairs_cluster_1,
          sprint2_shoproom, sprint2_temple, sprint2_basic_supplies,
          sprint2_obstacle_4, sprint2_obstacle_6, sprint2_obstacle_5,
          sprint2_obstacle_7, sprint2_obstacle_2, sprint2_timed_cluster_1,
          sprint2_smallroom_cluster_1, sprint2_smallroom_final_cluster_1,
          sprint2_transparent_cluster_1, sprint2_second_timed_cluster_1,
          sprint2_sniper_area_1, sprint2_heavy_combat_area_1,
          sprint2_mutation_trap_area_1, sprint2_forest_area_1,
          sprint2_light_combat_area_1, sprint2_behind_water_1,
          sprint2_near_end_vault_1]

Skill      XL: |  1  2  3  4  5  6  7  8  9 10 11 |
---------------+----------------------------------+-----
Fighting       | 4 5 6 8 9 11 13 14 | 14.3
Polearms       | 9 11 12 14 16 17 19 22 | 22.5
Dodging        | 8 9 10 12 13 15 16 18 19 | 19.1
Evocations     | 1 2 |  2.3
Throwing       | |  2.0

Action                   |  1- 3 |  4- 6 |  7- 9 | 10-12 || total
-------------------------+-------+-------+-------+-------++-------
Melee: Trident           |     3 |    30 |   146 |    94 ||   273
       Tailslap          |       |     2 |    28 |       ||    30
       Unarmed           |       |       |       |     5 ||     5
Invok: Potion Petition   |       |       |       |     1 ||     1
       Call Merchant     |       |       |       |     1 ||     1
Evoke: Condenser vane    |       |       |     1 |     3 ||     4
  Use: Potion            |     1 |     1 |     3 |    10 ||    15
 Stab: Distracted        |       |       |     3 |     1 ||     4
       Sleeping          |       |       |     1 |       ||     1
       Confused          |       |       |     1 |       ||     1
Armor: Leather armour    |       |     3 |     6 |     7 ||    16
Dodge: Dodged            |       |    15 |    77 |    65 ||   157

Table legend: (Time is in decaauts)
 A = Elapsed time spent in this place.
 B = Non-inter-level travel time spent in this place.
 C = Inter-level travel time spent in this place.
 D = Time resting spent in this place.
 E = Time spent auto-exploring this place.
 F = Levels seen in this place.
 G = Mean time per level.
                   A        B        C        D        E       F      G
               +--------+--------+--------+--------+--------+-----+--------+
         Total |   1348 |   1348 |      0 |    687 |      0 |   1 | 1348.0 |
       Dungeon |   1348 |   1348 |      0 |    687 |      0 |   1 | 1348.0 |
               +--------+--------+--------+--------+--------+-----+--------+

Top non-repeatable levels by time:
       D: 1348 daAuts
